 Dungeon Crawl Stone Soup version 0.23-a0-169-gb21e695 (webtiles) character file.

111 Amnesiac the Chiller (level 4, -5/30 HPs)
             Began as a Mummy Ice Elementalist on Sept 11, 2018.
             Killed from afar by an orc wizard (12 damage)
             ... with a puff of flame
             ... on level 4 of the Dungeon.
             The game lasted 00:03:28 (1155 turns).

Amnesiac the Chiller (Mummy Ice Elementalist)       Turns: 1155, Time: 00:03:29

Health: -5/30      AC:  4    Str: 11    XL:     4   Next: 62%
Magic:  2/10       EV: 12    Int: 15    God:
Gold:   70         SH:  0    Dex: 12    Spells: 7/11 levels left

rFire    x . .     SeeInvis .   h - +2 dagger (venom)
rCold    + . .     Gourm    .   (no shield)
rNeg     + + +     Faith    .   i - +2 robe {Archmagi}
rPois    ∞         Spirit   .   (no helmet)
rElec    .         Reflect  .   (no cloak)
rCorr    .         Harm     .   (no gloves)
MR       .....                  (no boots)
Stlth    ++........             (no amulet)
HPRegen  0.10/turn              (no ring)
MPRegen  0.12/turn              (no ring)

@: very slightly contaminated
A: no food or potions, fire vulnerability, cold resistance 1, negative energy
resistance 3, torment resistance, unbreathing
a: no special abilities


You were on level 4 of the Dungeon.
You were not hungry.

You visited 1 branch of the dungeon, and saw 4 of its levels.

You collected 70 gold pieces.

Inventory:

Hand Weapons
 c - a +1 hand axe of draining
 h - a +2 dagger of venom (weapon)
Armour
 i - a +2 robe of the Archmagi (worn)
Scrolls
 b - 2 scrolls of identify {!r, unknown}
 d - a scroll of fog {!r, unknown}
 e - 2 scrolls of magic mapping {!r, unknown}
 f - a scroll of fear {!r, unknown}
 g - a scroll of remove curse {!r, unknown}


   Skills:
 - Level 1.5 Dodging
 - Level 1.5 Stealth
 + Level 4.0 Spellcasting
   Level 0.7 Conjurations
 * Level 4.0 Ice Magic


You had 7 spell levels left.
You knew the following spells:

 Your Spells              Type           Power        Failure   Level  Hunger
a - Freeze                Ice            ###.         3%          1    N/A
z - Ozocubu's Armour      Chrm/Ice       ##......     24%         3    N/A

Your spell library contained the following spells:

 Spells                   Type           Power        Failure   Level  Hunger
 Throw Frost              Conj/Ice       ###...       11%         2    N/A
 Throw Icicle             Conj/Ice       ###.....     56%         4    N/A
 Summon Ice Beast         Ice/Summ       ##......     61%         4    N/A

Dungeon Overview and Level Annotations

Branches:
Dungeon (4/15)
 Temple: D:4-7

Altars:
Ashenzari

Annotations:
D:4 3 runed doors, DEFE's ghost, amateur DESu; eyesofgods1's ghost, novice OpAr; feelmyfire's ghost, amateur DsGl


Innate Abilities, Weirdness & Mutations

You do not eat or drink.
Your flesh is vulnerable to fire.
You are immune to poison.
Your flesh is cold resistant. (rC+)
You are immune to negative energy. (rN+++)
You are immune to unholy pain and torment.
You can survive without breathing.


Message History

Press: ? - help, Shift-Dir - straight line, f/p - orc
Aim: an orc, wielding a dagger and wearing a chain mail (heavily wounded)
You feel a surge of power!
You freeze the orc.
The orc is severely wounded.
The orc barely misses you.
Casting: Freeze (safe; 3% risk of failure)
Confirm with . or Enter, or press ? or * to list all spells.
Aiming: Freeze (safe; 3% risk of failure)
Press: ? - help, Shift-Dir - straight line, f/p - orc
Aim: an orc, wielding a dagger and wearing a chain mail (severely wounded)
You feel a surge of power!
You freeze the orc.
The orc is almost dead.
Casting: Freeze (safe; 3% risk of failure)
Confirm with . or Enter, or press ? or * to list all spells.
Aiming: Freeze (safe; 3% risk of failure)
Press: ? - help, Shift-Dir - straight line, f/p - orc
Aim: an orc, wielding a dagger and wearing a chain mail (almost dead)
You feel a surge of power!
You freeze the orc.
You kill the orc!
Your Ice Magic skill increases to level 4!
Casting: Freeze (safe; 3% risk of failure)
Confirm with . or Enter, or press ? or * to list all spells.
Aiming: Freeze (safe; 3% risk of failure)
Press: ? - help, Shift-Dir - straight line, f - orc
Aim: an orc, wielding a flail and wearing a leather armour You feel a surge of power!
You miscast Freeze.
You are very lightly contaminated with residual magic.
Nothing appears to happen.
The orc misses you.
A magic dart appears from out of thin air!
The magic dart hits you! The orc hits you with a hand axe.
Casting: Freeze (safe; 3% risk of failure)
Confirm with . or Enter, or press ? or * to list all spells.
Aiming: Freeze (safe; 3% risk of failure)
Press: ? - help, Shift-Dir - straight line, f/p - orc
Aim: an orc, wielding a flail and wearing a leather armour You feel a surge of power!
You freeze the orc.
The orc is lightly wounded.
The orc hits you with a flail.
Casting: Freeze (safe; 3% risk of failure)
Confirm with . or Enter, or press ? or * to list all spells.
Aiming: Freeze (safe; 3% risk of failure)
Press: ? - help, Shift-Dir - straight line, f/p - orc
Aim: an orc, wielding a flail and wearing a leather armour (lightly wounded)
You feel a surge of power!
You freeze the orc.
You kill the orc!
The orc hits you but does no damage.
You hit the orc.
The orc is poisoned.
The orc is heavily wounded.
The orc barely misses you.
You kill the orc!
Your Spellcasting skill increases to level 4!
Something hits you.
You hear some strange, mumbled words.
A puff of flame appears from out of thin air!
The puff of flame hits you! The fire burns you terribly!
* * * LOW HITPOINT WARNING * * *
Things that are here:
a hand axe; a scale mail; an orc corpse You see here an orc corpse.
Found 27 arrows.
You hear some strange, mumbled words.
A puff of flame appears from out of thin air!
The puff of flame hits you! The fire burns you terribly!
You die...

...(........#....###.....
............#...........#
...........#........[..#
..........#####+++####.
#.......'#P...W.WW #.
+..)....## ....... #.
##+###.))...## ..... #.
.......†####### .W #.
.........@....# . #.
...........###.# #..
...........# #..#
............. .....#
.#....##.....# ......
###.. ......# #...... #..
(...### ....... .. ......
.#.


There were no monsters in sight!

Vanquished Creatures
  2 orc wizards
  A worker ant (D:4)
  An ooze (D:2)
  An adder skeleton (D:4)
  7 orcs
  A ball python (D:3)
  2 giant cockroaches (D:2)
  A hobgoblin (D:2)
  A quokka (D:2)
  2 kobolds
  A rat (D:3)
20 creatures vanquished.

Vanquished Creatures (others)
  A withered plant (D:4)
1 creature vanquished.

Grand Total: 21 creatures vanquished

Notes
Turn   | Place    | Note
-------+----------+-------------------------------------------
     0 | D:1      | Amnesiac the Mummy Ice Elementalist began the quest for the
                  | Orb.
     0 | D:1      | Reached XP level 1. HP: 13/13 MP: 4/4
   101 | D:2      | Reached XP level 2. HP: 8/19 MP: 0/5
   596 | D:3      | Found a shattered altar of Ashenzari.
   657 | D:4      | Reached XP level 3. HP: 18/24 MP: 2/7
   805 | D:4      | Learned a level 3 spell: Ozocubu's Armour
   813 | D:4      | Found a runed gate.
   813 | D:4      | Found a runed gate.
   813 | D:4      | Found a runed gate.
   813 | D:4      | Noticed DEFE's ghost (amateur DESu)
   813 | D:4      | Noticed eyesofgods1's ghost (novice OpAr)
   837 | D:3      | Reached XP level 4. HP: 21/30 MP: 3/9
  1111 | D:4      | Noticed feelmyfire's ghost (amateur DsGl)
  1155 | D:4      | Killed from afar by an orc wizard

Vault maps used:
D:1:      sevenhm_arrival_forest_fort_small_3, serial_glass, glass_columns_a,
          glass_columns_a
D:2:      kennysheep_slug_shrine
D:3:      ashenzari_altar_1, first_ration, grunt_ministairs_13,
          minmay_crystal_room
D:4:      kennysheep_mini, tso_altar, gammafunk_ghost_cemetery,
          kennysheep_generic_room_13

Skill      XL: |  1  2  3  4 |
---------------+-------------+-----
Ice Magic      | 3 4 |  4.0
Spellcasting   | 3 4 |  4.0
Dodging        | |  1.5
Stealth        | |  1.5
Conjurations   | |  0.7

Action                   |  1- 3 |  4- 6 || total
-------------------------+-------+-------++-------
Melee: Morningstar       |    12 |       ||    12
       Dagger            |       |     1 ||     1
 Cast: Freeze            |    31 |    14 ||    45
Armor: Robe              |     8 |     1 ||     9
Dodge: Dodged            |    26 |     7 ||    33

Table legend:
 A = Non-vault XP
 B = Vault XP
 C = Vault XP percentage of total XP
 D = Non-vault monster count
 E = Vault monster count
 F = Vault count percentage of total count
                 A         B        C        D         E       F
            +---------+---------+-------+---------+---------+-------
      Total |     151 |       8 |   5.0 |      18 |       2 |  10.0
            +---------+---------+-------+---------+---------+-------
        D:2 |      12 |       7 |  36.8 |       6 |       1 |  14.3
        D:3 |      49 |       1 |   2.0 |       5 |       1 |  16.7
        D:4 |      90 |       0 |   0.0 |       7 |       0 |   0.0
            +---------+---------+-------+---------+---------+-------
